Unix NetHack Version 3.7.0-102 Work-in-progress - last build Apr 6 2024 13:22:21 (d302a6a9ff6341f1a922d8f5af178406b35fdf99,branch:master). Game began 2024-04-13 09:06:52, ended 2024-04-13 09:17:17. Raisse, lawful female dwarven Archeologist ------ |(((.|-- |((..m.| ---.. |/((.|h| ........ ------.--+- ........... ......----....{.....- --+-...............+ ---..|.........-- -...---.-- -------|--- |....| |%.%%| ------ Raisse the Field Worker St:11 Dx:9 Co:13 In:14 Wi:16 Ch:12 Lawful Dlvl:7 $:16 HP:0(32) Pw:8(8) AC:9 Xp:3/41 T:548 Latest messages: You see here a candle (for sale, 10 zorkmids). (For instructions type a '?') Call a candle: talow (For instructions type a '?') Call a candle called talow: tallow You see here a lamp (for sale, 10 zorkmids). (For instructions type a '?') Call a lamp: oil You see here a curved wand (for sale, 133 zorkmids). (For instructions type a '?') Call a curved wand: light You see here a candle called tallow (for sale, 13 zorkmids). You see here a lamp called oil (for sale, 10 zorkmids). Wait! That's a small mimic! You see here a candle called tallow (for sale, 10 zorkmids). You see here a lamp called oil (for sale, 10 zorkmids). What do you want to drink? [im or ?*] ? You feel better. You see here a candle called tallow (for sale, 10 zorkmids). You see here a candle called tallow (for sale, 10 zorkmids). The small mimic hits! The door resists! The door resists! The small mimic hits! The door opens. In what direction? y The door resists! You lash the cave spider. The cave spider just misses! You miss the cave spider. The cave spider bites! You miss the cave spider. The cave spider bites! You miss the cave spider. The cave spider bites! In what direction? y The door closes. The cave spider bites! The small mimic oozes under the door. You miss the cave spider. The cave spider bites! You miss the cave spider. The cave spider bites! You kill the cave spider! Welcome to experience level 3. The small mimic hits! You die... Do you want your possessions identified? [ynq] (y) y Do you want to see your attributes? [ynq] (y) y Do you want an account of creatures vanquished? [ynaq] (y) q Inventory: Coins $ - 16 gold pieces Weapons a - an uncursed +2 bullwhip (weapon in right hand) o - 2 uncursed +0 orcish daggers Armor r - a blessed +1 orcish helm A - an uncursed +0 leather jacket (being worn) H - an uncursed +0 fedora (being worn) Comestibles e - 4 uncursed food rations Potions m - a cursed potion of oil Rings k - a cursed ring of see invisible Tools j - an uncursed can of grease (0:21) l - an uncursed tinning kit (0:40) x - an uncursed sack containing 1 item Gems/Stones p - an uncursed citrine stone t - an uncursed touchstone Contents of the sack: an uncursed +0 pick-axe Raisse the Archeologist's attributes: Background: You were a Field Worker, a level 3 female dwarven Archeologist. You were lawful, on a mission for Quetzalcoatl who was opposed by Camaxtli (neutral) and Huhetotl (chaotic). You were right-handed. You were in the Gnomish Mines, on level 7. You entered the dungeon 548 turns ago. You had 41 experience points, 39 more were needed to attain level 4. Basics: You had 0 out of 32 hit points. You had all 8 energy points (spell power). Your armor class was 9. Your wallet contained 16 zorkmids. Autopickup was on for '$!?/"=+' plus thrown, with exceptions. Final Characteristics: Your strength was 11 (limit:18/100). Your dexterity was 9 (limit:20). Your constitution was 13 (limit:20). Your intelligence was 14 (limit:16). Your wisdom was 16 (limit:16). Your charisma was 12 (limit:16). Final Status: You weren't hungry. You were unencumbered. You were wielding a whip. You had basic skill with whip. Final Attributes: You were fervently aligned. You had automatic searching. You had infravision. You are dead. Miscellaneous: You never encountered a bones level. Total elapsed playing time was 10 minutes and 25 seconds. Major events: Turn 1: Raisse the lawful female dwarven Archeologist entered the dungeon 269: entered the Gnomish Mines 399: reached Mine Town 548: attained the rank of Field Worker (level 3) 548: killed by a small mimic Vanquished creatures: a hobgoblin 2 cave spiders a gnome 3 jackals a goblin 2 bats 2 lichens a newt 13 creatures vanquished. No species were genocided or became extinct. Voluntary challenges: You were illiterate. You never engraved Elbereth. You never genocided any monsters. You never polymorphed an object. You never changed form. You used no wishes. Achievements: You entered the Gnomish Mines. You entered Minetown. You entered a shop. You attained the rank of Field Worker. The Dungeons of Doom: levels 1 to 4 Level 1: Level 2: Level 3: A fountain. Level 4: Stairs down to The Gnomish Mines. The Gnomish Mines: levels 5 to 7 Level 5: Level 6: Level 7: <- You were here. A lighting shop, a fountain. Final resting place for you, killed by a small mimic. Game over: ---------- / \ / REST \ / IN \ / PEACE \ / \ | Raisse | | 16 Au | | killed by a | | small mimic | | | | | | 2024 | *| * * * | * _________)/\\_//(\/(/\)/\//\/|_)_______ Goodbye Raisse the Archeologist... You died in The Gnomish Mines on dungeon level 7 with 489 points, and 16 pieces of gold, after 548 moves. You were level 3 with a maximum of 32 hit points when you died.